 Dungeon Crawl Stone Soup version 0.30.1-3-gfc49f6343a (webtiles) character file.

Game seed: 14690175064918784083

138 Atelerd the Sneak (level 5, -3/46 HPs)
             Began as an Octopode Earth Elementalist on Aug 8, 2023.
             Killed from afar by an orc wizard (12 damage)
             ... with a puff of flame
             ... on level 3 of the Dungeon.
             The game lasted 00:02:44 (2949 turns).

Atelerd the Sneak (Octopode Earth Elementalist)     Turns: 2949, Time: 00:02:44

Health: -3/46      AC:  1    Str:  7    XL:     5   Next: 21%
Magic:  9/9        EV: 14    Int: 18    God:
Gold:   111        SH:  0    Dex: 14    Spells: 8/9 levels left

rFire   . . .        m - +1 dagger (freeze)
rCold   . . .        (no shield)
rNeg    . . .        (helmet restricted)
rPois   .            (no amulet)
rElec   .            (no ring)
rCorr   .            (no ring)
SInv    .            (no ring)
Will    .....        (no ring) Stlth
                     (no ring)
HPRegen 0.27/turn    (no ring)
MPRegen 0.11/turn    (no ring)
                     (no ring)

%: no passive effects
@: berserking (expiring), very quick
A: almost no armour, amphibious, 8 rings, camouflage 1, gelatinous body 1,
(nimble swimmer 1), tentacles
a: no special abilities


You were on level 3 of the Dungeon.
You visited 1 branch of the dungeon, and saw 3 of its levels.

You collected 111 gold pieces.

Inventory:

Hand Weapons
 k - a +0 dagger
 m - a +1 dagger of freezing (weapon)
Jewellery
 d - an amulet of the acrobat
 f - an amulet of magic regeneration
Scrolls
 b - a scroll of teleportation {unknown}
 c - a scroll of fear {unknown}
 g - 3 scrolls of identify {unknown}
 i - 3 scrolls of poison {unknown}
 l - a scroll of immolation {unknown}
Potions
 a - a potion of magic
 h - a potion of heal wounds {unknown}


   Skills:
 + Level 2.9 Dodging
 + Level 4.0 Stealth
 + Level 2.7 Spellcasting
 + Level 2.2 Transmutations
 + Level 3.7 Earth Magic


You had 8 spell levels left.
You knew the following spells:

 Your Spells              Type           Power      Damage    Failure   Level
a - Sandblast             Erth           30%        2d9       3%          1

Your spell library contained the following spells:

 Spells                   Type           Power      Damage    Failure   Level
 Passwall                 Tmut/Erth      10%        N/A       8%          2
 Stone Arrow              Conj/Erth      18%        3d8       24%         3
 Tukima's Dance           Hex            2%         N/A       45%         3
 Petrify                  Tmut/Erth      13%        N/A       45%         4
 Passage of Golubria      Tloc           2%         N/A       86%         4
 Yara's Violent Unravell  Hex/Tmut       3%         3d4       96%         5


Dungeon Overview and Level Annotations

Branches:
Dungeon (3/15)

Altars:

Annotations:
D:2 exclusion: downstairs
D:3 1 runed translucent door, Tali's ghost, amateur DsBe


Innate Abilities, Weirdness & Mutations

You cannot wear most types of armour.
You are amphibious.
You can wear up to eight rings at the same time.
Your skin changes colour to match your surroundings (Stealth+).
Your rubbery body absorbs attacks. (AC +1, EV +1)
((You are camouflaged when in or above water. (Stealth+)))
You have tentacles for arms and can constrict up to eight enemies at once.


Message History

You bump into the rock wall.
Something barely misses you.
You barely miss something. Your squeeze misses something. Something hits you.
You hit something but do no damage. Something completely misses you.
You bump into the rock wall.
Something hits you.
You miss something. Something hits you.
* * * LOW HITPOINT WARNING * * *
You hit something but do no damage. Your squeeze misses something.
Something hits you but does no damage.
You closely miss something.
You feel less confused.
You hear some strange, mumbled words.
You are confused.
You completely miss something.
Your tentacle-slap misses something.
Something hits you.
* * * LOW HITPOINT WARNING * * *
It was a potion of berserk rage.
A red film seems to cover your vision as you go berserk!
You feel yourself moving faster!
You feel mighty! Something hits you.
* * * LOW HITPOINT WARNING * * *
You bump into the rock wall.
You feel a strong urge to attack something.
Something hits you.
* * * LOW HITPOINT WARNING * * *
You closely miss the hobgoblin. You hit the hobgoblin.
You freeze the hobgoblin.
The hobgoblin is severely wounded.
You feel less confused. The hobgoblin misses you. Something hits you.
* * * LOW HITPOINT WARNING * * *
You barely miss the hobgoblin. Your grab misses the hobgoblin.
You squeeze the hobgoblin.
You kill the hobgoblin!
Something barely misses you.
There is a stone staircase leading down here.
You see here a hobgoblin corpse.
You barely miss something. You squeeze something!
You hear some strange, mumbled words.
A puff of flame appears from out of thin air!
The puff of flame hits you!
You die...

#........#.......## ##.♣##'##♣.
#........#.......# .##.......#
#........#.......###>.#########
#.......................... #
#..............####.......#
#........##.#.## #.......#
#........##....## #.)......
#############...###.......#
##@{.).).####.. #.#####.†...#
#.# ##.... #.# ..... #.# #...
#.# .## #.. # ###


There were no monsters in sight!

Vanquished Creatures
  Terence (D:2)
  3 worms
  3 dart slugs
  12 orcs
  8 ball pythons
  5 endoplasms
  2 giant cockroaches
  6 goblins
  10 hobgoblins
  4 quokkas
  3 bats
  9 frilled lizards
  7 kobolds
  7 rats
80 creatures vanquished.

Notes
Turn   | Place    | Note
-------+----------+-------------------------------------------
     0 | D:1      | Atelerd the Octopode Earth Elementalist began the quest for
                  | the Orb.
     0 | D:1      | Reached XP level 1. HP: 11/11 MP: 3/3
   134 | D:1      | Reached XP level 2. HP: 17/17 MP: 3/5
   137 | D:1      | Reached skill level 3 in Stealth
   855 | D:1      | Reached XP level 3. HP: 8/21 MP: 1/6
  1105 | D:1      | Found a faded altar of an unknown god.
  1545 | D:2      | Noticed Terence
  1553 | D:2      | Killed Terence
  1554 | D:2      | Reached XP level 4. HP: 15/27 MP: 1/7
  1621 | D:2      | You fall into a shaft and drop 1 floor!
  1703 | D:3      | Found a runed translucent door.
  1706 | D:3      | Noticed Tali's ghost (amateur DsBe)
  2708 | D:3      | Reached XP level 5. HP: 31/31 MP: 7/9
  2867 | D:3      | Reached skill level 4 in Stealth
  2922 | D:3      | HP: 1/31 [orc/+0 flail (11)]
  2949 | D:3      | Killed from afar by an orc wizard

Illustrated notes

Levels and vault maps discovered:
D:1:      minmay_arrival_jagged, layout_loops_corners,
          hellmonk_ecumenical_altar_inner_sanctum, roderic_lattice_a,
          corexii_item_surrounded_by_moat, dreamdust_princess_corridor,
          st_stairs_10, minmay_misc_feat_diagonals
D:2:      layout_loops_cross, uniq_terence
D:3:      layout_rooms, ebering_ghost_reflecting_pool, grunt_ministairs_11,
          minivault_26

Skill      XL: |  1  2  3  4  5 |
---------------+----------------+-----
Stealth        | 3 4 |  4.0
Transmutations | 2 |  2.2
Dodging        | |  2.9
Spellcasting   | |  2.7
Earth Magic    | |  3.7

Action                     |  1- 3 |  4- 6 || total
---------------------------+-------+-------++-------
  Melee: Unarmed           |    27 |       ||    27
         Constrict         |     8 |     3 ||    11
         Tentacles         |     7 |     4 ||    11
         Dagger            |       |    24 ||    24
   Cast: Sandblast         |    48 |    59 ||   107
    Use: Potion            |       |     2 ||     2
   Stab: Sleeping          |     1 |       ||     1
 Armour: Skin              |     2 |     2 ||     4
  Dodge: Dodged            |    31 |    20 ||    51
